[ PARTIDA AOE2 · #476428001 ]
UnrankedEslavos vs None
Equipo del jugador · DERR
Equipo rival · VICT
[ ANÁLISIS DE REPETICIÓN · EXTRAÍDO DE LA PARTIDA GRABADA ]
Feudal
—
Castillos
—
Imperial
—
| APM promedio | 24.5 |
| APM pico | 53 |
| eAPM promedio | 10.1 |
| Aldeanos / militares | 0 / 467 |
Foco
⚔️ 80.0% · 🌾 20.0%
Knight ×237 · Spearman ×225 · Scout Cavalry ×5
Feudal
—
Castillos
—
Imperial
—
| APM promedio | 76.5 |
| APM pico | 153 |
| eAPM promedio | 62.1 |
| Aldeanos / militares | 0 / 1041 |
Foco
⚔️ 95.9% · 🌾 4.1%
Knight ×790 · Cavalry Archer ×251
Feudal
—
Castillos
—
Imperial
—
| APM promedio | 20.5 |
| APM pico | 50 |
| eAPM promedio | 7.7 |
| Aldeanos / militares | 0 / 180 |
Foco
⚔️ 98.4% · 🌾 1.6%
Knight ×105 · Cavalry Archer ×75
Feudal
—
Castillos
—
Imperial
—
| APM promedio | 21.1 |
| APM pico | 49 |
| eAPM promedio | 11.3 |
| Aldeanos / militares | 0 / 380 |
Foco
⚔️ 90.1% · 🌾 9.9%
Knight ×380
Feudal
—
Castillos
—
Imperial
—
| APM promedio | 74.7 |
| APM pico | 167 |
| eAPM promedio | 68.5 |
| Aldeanos / militares | 0 / 360 |
Foco
⚔️ 99.7% · 🌾 0.3%
Militia ×304 · Archer ×56
Feudal
—
Castillos
—
Imperial
—
| APM promedio | 30.6 |
| APM pico | 90 |
| eAPM promedio | 6.9 |
| Aldeanos / militares | 0 / 0 |
Foco
⚔️ 100.0% · 🌾 0.0%
Feudal
—
Castillos
—
Imperial
—
| APM promedio | 20.9 |
| APM pico | 41 |
| eAPM promedio | 12.7 |
| Aldeanos / militares | 0 / 516 |
Foco
⚔️ 93.0% · 🌾 7.0%
Battle Elephant ×372 · Elephant Archer ×144
Feudal
—
Castillos
—
Imperial
—
| APM promedio | 21.2 |
| APM pico | 38 |
| eAPM promedio | 10.7 |
| Aldeanos / militares | 0 / 0 |
Foco
⚔️ 94.9% · 🌾 5.1%
Mapa de la partida
Recursos iniciales + cada clic de construcción. Líneas = muros · curvas = relieve. ◆ oro · ⬟ piedra · ● bayas · ✦ reliquia · ◌ hueco del cierre
Tu base· ✓ Separados por el mapa
Base de Are you ready for a war ?· Abierta
Base de anubiX· Abierta
Base de hockeyguy· Abierta
Base de OttTheConqueror· ✓ Separados por el mapa
Base de AfflictedGod· Abierta
Base de Atrax· Abierta
Base de ARES· Abierta
Terreno inicial suavizado · ◌ = hueco del cierre detectado · pasá el cursor para detalles
Inputs por minuto
— Cokrat - - Are you ready for a war ?
Build order — Cokrat
123 acciones detectadas en el replay
| 7:44 | Construir | Stable |
| 7:45 | Construir | Stable |
| 7:47 | Construir | Stable |
| 7:48 | Construir | Stable |
| 7:50 | Construir | Stable |
| 7:52 | Construir | Stable |
| 7:54 | Construir | Stable |
| 7:56 | Construir | Stable |
| 8:03 | Construir | Barracks |
| 8:04 | Construir | Barracks |
| 8:06 | Construir | Barracks |
| 8:08 | Construir | Barracks |
| 8:09 | Construir | Barracks |
| 8:11 | Construir | Barracks |
| 8:13 | Construir | Barracks |
| 8:14 | Construir | Barracks |
| 16:23 | Investigar | Iron Casting |
| 16:23 | Investigar | Chain Mail Armor |
| 16:24 | Investigar | Bodkin Arrow |
| 16:24 | Investigar | Leather Archer Armor |
| 16:27 | Investigar | Ballistics |
| 16:27 | Investigar | Guard Tower (upgrade) |
| 16:28 | Investigar | Tech 908 |
| 16:28 | Investigar | Careening |
| 16:31 | Investigar | Husbandry |
| 16:33 | Investigar | Squires |
| 16:33 | Investigar | Pikeman (upgrade) |
| 16:34 | Investigar | Long Swordsman (upgrade) |
| 16:38 | Crear | Scout Cavalry ×5 |
| 16:38 | Crear | Knight ×5 |
| 16:39 | Crear | Knight ×5 |
| 16:39 | Crear | Knight ×5 |
| 16:39 | Crear | Knight ×5 |
| 16:39 | Crear | Knight ×5 |
| 16:40 | Crear | Knight ×5 |
| 16:40 | Crear | Knight ×5 |
| 16:40 | Crear | Knight ×5 |
| 16:40 | Crear | Knight ×5 |
| 16:41 | Crear | Knight ×5 |
| 16:41 | Crear | Knight ×5 |
| 16:41 | Crear | Knight ×5 |
| 16:41 | Crear | Knight ×5 |
| 16:42 | Crear | Knight ×5 |
| 16:42 | Crear | Knight ×5 |
| 16:42 | Crear | Knight ×5 |
| 16:42 | Crear | Knight ×5 |
| 16:43 | Crear | Knight ×5 |
| 16:43 | Crear | Knight ×5 |
| 16:45 | Crear | Knight ×5 |
| 16:45 | Crear | Knight ×5 |
| 16:45 | Crear | Knight ×5 |
| 16:49 | Crear | Spearman ×5 |
| 16:49 | Crear | Spearman ×5 |
| 16:49 | Crear | Spearman ×5 |
| 16:50 | Crear | Spearman ×5 |
| 16:50 | Crear | Spearman ×5 |
| 16:50 | Crear | Spearman ×5 |
| 16:50 | Crear | Spearman ×5 |
| 16:50 | Crear | Spearman ×5 |
| 16:51 | Crear | Spearman ×5 |
| 16:51 | Crear | Spearman ×5 |
| 16:51 | Crear | Spearman ×5 |
| 16:51 | Crear | Spearman ×5 |
| 17:29 | Crear | Spearman ×5 |
| 17:29 | Crear | Spearman ×5 |
| 17:29 | Crear | Spearman ×5 |
| 17:30 | Crear | Spearman ×5 |
| 17:30 | Crear | Spearman ×5 |
| 17:30 | Crear | Spearman ×5 |
| 17:31 | Crear | Spearman ×5 |
| 17:31 | Crear | Spearman ×5 |
| 17:31 | Crear | Spearman ×5 |
| 17:32 | Crear | Spearman ×5 |
| 17:32 | Crear | Spearman ×5 |
| 17:32 | Crear | Spearman ×5 |
| 17:32 | Crear | Spearman ×5 |
| 17:32 | Crear | Spearman ×5 |
| 17:33 | Crear | Spearman ×5 |
| 17:34 | Crear | Knight ×5 |
| 17:34 | Crear | Knight ×5 |
| 17:34 | Crear | Knight ×5 |
| 17:35 | Crear | Knight ×5 |
| 17:35 | Crear | Knight ×5 |
| 17:35 | Crear | Knight ×5 |
| 19:52 | Crear | Spearman ×5 |
| 19:52 | Crear | Spearman ×5 |
| 19:52 | Crear | Spearman ×5 |
| 19:53 | Crear | Spearman ×5 |
| 19:53 | Crear | Spearman ×5 |
| 19:53 | Crear | Spearman ×5 |
| 19:53 | Crear | Spearman ×5 |
| 19:53 | Crear | Spearman ×5 |
| 19:54 | Crear | Spearman ×5 |
| 19:56 | Crear | Knight ×5 |
| 19:56 | Crear | Knight ×5 |
| 19:56 | Crear | Knight ×5 |
| 19:57 | Crear | Knight ×5 |
| 19:57 | Crear | Knight ×5 |
| 19:57 | Crear | Knight ×5 |
| 19:57 | Crear | Knight ×5 |
| 19:58 | Crear | Knight ×5 |
| 19:58 | Crear | Knight ×5 |
| 19:58 | Crear | Knight ×5 |
| 19:58 | Crear | Knight ×5 |
| 21:22 | Crear | Spearman ×5 |
| 21:22 | Crear | Spearman ×5 |
| 21:22 | Crear | Spearman ×5 |
| 21:23 | Crear | Spearman ×5 |
| 21:23 | Crear | Spearman ×5 |
| 21:23 | Crear | Spearman ×5 |
| 21:24 | Crear | Spearman ×5 |
| 21:24 | Crear | Spearman ×5 |
| 21:24 | Crear | Spearman ×5 |
| 21:26 | Crear | Knight ×5 |
| 21:26 | Crear | Knight ×5 |
| 21:26 | Crear | Knight ×5 |
| 21:26 | Crear | Knight ×5 |
| 21:27 | Crear | Knight ×5 |
| 21:27 | Crear | Knight ×5 |
| 21:27 | Crear | Knight ×5 |
| 21:27 | Crear | Knight ×5 |
| 21:28 | Crear | Knight ×2 |
| 23:29 | Construir | Watch Tower |
Build order — Are you ready for a war ?
Primeras 150 de 361 acciones detectadas
| 6:12 | Construir | Barracks |
| 6:17 | Construir | Stable |
| 6:18 | Construir | Stable |
| 6:20 | Construir | Stable |
| 6:21 | Construir | Stable |
| 6:25 | Construir | Stable |
| 6:26 | Construir | Stable |
| 6:27 | Construir | Stable |
| 6:29 | Construir | Stable |
| 7:16 | Construir | Palisade Wall |
| 7:24 | Construir | Palisade Wall |
| 7:26 | Construir | Palisade Wall |
| 7:28 | Construir | Palisade Wall |
| 7:30 | Construir | Palisade Wall |
| 7:33 | Construir | Palisade Wall |
| 7:35 | Construir | Palisade Wall |
| 7:37 | Construir | Palisade Wall |
| 7:43 | Construir | Palisade Wall |
| 7:45 | Construir | Palisade Wall |
| 7:46 | Construir | Palisade Wall |
| 7:49 | Construir | Palisade Wall |
| 7:50 | Construir | Palisade Wall |
| 7:52 | Construir | Palisade Wall |
| 7:59 | Construir | Palisade Wall |
| 8:02 | Construir | Palisade Wall |
| 8:04 | Construir | Palisade Wall |
| 8:34 | Construir | Palisade Wall |
| 8:36 | Construir | Palisade Wall |
| 8:38 | Construir | Palisade Wall |
| 8:40 | Construir | Palisade Wall |
| 8:41 | Construir | Palisade Wall |
| 8:43 | Construir | Palisade Wall |
| 8:45 | Construir | Palisade Wall |
| 8:47 | Construir | Palisade Wall |
| 8:49 | Construir | Palisade Wall |
| 8:50 | Construir | Palisade Wall |
| 8:53 | Construir | Palisade Wall |
| 8:55 | Construir | Palisade Wall |
| 8:57 | Construir | Palisade Wall |
| 8:59 | Construir | Palisade Wall |
| 9:00 | Construir | Palisade Wall |
| 9:02 | Construir | Palisade Wall |
| 9:04 | Construir | Palisade Wall |
| 9:06 | Construir | Palisade Wall |
| 9:08 | Construir | Palisade Wall |
| 9:09 | Construir | Palisade Wall |
| 9:10 | Construir | Palisade Wall |
| 9:18 | Construir | Stable |
| 9:20 | Construir | Stable |
| 9:22 | Construir | Stable |
| 9:25 | Construir | Stable |
| 9:26 | Construir | Stable |
| 10:11 | Construir | Palisade Wall |
| 10:13 | Construir | Palisade Wall |
| 10:14 | Construir | Palisade Wall |
| 10:15 | Construir | Palisade Wall |
| 10:16 | Construir | Palisade Wall |
| 10:25 | Construir | Palisade Wall |
| 10:26 | Construir | Palisade Wall |
| 10:27 | Construir | Palisade Wall |
| 10:28 | Construir | Palisade Wall |
| 10:29 | Construir | Palisade Wall |
| 10:30 | Construir | Palisade Wall |
| 10:31 | Construir | Palisade Wall |
| 10:32 | Construir | Palisade Wall |
| 10:34 | Construir | Palisade Wall |
| 10:35 | Construir | Palisade Wall |
| 10:39 | Construir | Palisade Wall |
| 10:41 | Construir | Palisade Wall |
| 10:44 | Construir | Palisade Wall |
| 10:45 | Construir | Palisade Wall |
| 10:46 | Construir | Palisade Wall |
| 10:47 | Construir | Palisade Wall |
| 10:48 | Construir | Palisade Wall |
| 10:49 | Construir | Palisade Wall |
| 10:50 | Construir | Palisade Wall |
| 10:51 | Construir | Palisade Wall |
| 10:52 | Construir | Palisade Wall |
| 10:53 | Construir | Palisade Wall |
| 10:54 | Construir | Palisade Wall |
| 10:55 | Construir | Palisade Wall |
| 10:56 | Construir | Palisade Wall |
| 10:58 | Construir | Palisade Wall |
| 11:19 | Construir | Stable |
| 11:20 | Construir | Stable |
| 11:39 | Construir | Palisade Wall |
| 11:41 | Construir | Palisade Wall |
| 11:45 | Construir | Palisade Wall |
| 12:51 | Crear | Knight ×5 |
| 12:51 | Crear | Knight ×5 |
| 12:51 | Crear | Knight ×5 |
| 12:52 | Crear | Knight ×5 |
| 12:52 | Crear | Knight ×5 |
| 12:52 | Crear | Knight ×5 |
| 12:52 | Crear | Knight ×5 |
| 12:53 | Crear | Knight ×5 |
| 12:53 | Crear | Knight ×5 |
| 12:53 | Crear | Knight ×5 |
| 12:54 | Crear | Knight ×5 |
| 12:54 | Crear | Knight ×5 |
| 12:54 | Crear | Knight ×5 |
| 12:54 | Crear | Knight ×5 |
| 12:55 | Crear | Knight ×5 |
| 12:55 | Crear | Knight ×5 |
| 12:58 | Construir | Barracks |
| 13:05 | Construir | Stable |
| 13:09 | Construir | Stable |
| 13:13 | Investigar | Chain Mail Armor |
| 13:13 | Investigar | Iron Casting |
| 13:14 | Investigar | Chain Barding Armor |
| 13:14 | Investigar | Leather Archer Armor |
| 13:15 | Investigar | Bodkin Arrow |
| 13:17 | Investigar | Ballistics |
| 13:18 | Investigar | Guard Tower (upgrade) |
| 13:18 | Investigar | Tech 909 |
| 13:19 | Investigar | Tech 908 |
| 13:20 | Investigar | Careening |
| 13:28 | Crear | Knight ×5 |
| 13:29 | Crear | Knight ×5 |
| 13:29 | Crear | Knight ×5 |
| 13:29 | Crear | Knight ×5 |
| 13:29 | Crear | Knight ×5 |
| 13:30 | Crear | Knight ×5 |
| 13:30 | Crear | Knight ×5 |
| 13:30 | Crear | Knight ×5 |
| 13:57 | Investigar | Arson |
| 13:58 | Investigar | Gambesons |
| 14:01 | Crear | Knight ×5 |
| 14:01 | Crear | Knight ×5 |
| 14:02 | Crear | Knight ×5 |
| 14:02 | Crear | Knight ×5 |
| 14:02 | Crear | Knight ×5 |
| 14:03 | Crear | Knight ×5 |
| 14:03 | Crear | Knight ×5 |
| 14:03 | Crear | Knight ×5 |
| 14:03 | Crear | Knight ×5 |
| 14:04 | Crear | Knight ×5 |
| 14:35 | Crear | Knight ×5 |
| 14:35 | Crear | Knight ×5 |
| 14:35 | Crear | Knight ×5 |
| 14:35 | Crear | Knight ×5 |
| 14:36 | Crear | Knight ×5 |
| 14:36 | Crear | Knight ×5 |
| 14:36 | Crear | Knight ×4 |
| 14:37 | Crear | Knight ×4 |
| 14:47 | Construir | Stable |
| 14:49 | Construir | Stable |
| 14:50 | Construir | Stable |
| 14:52 | Construir | Stable |
| 14:57 | Crear | Knight ×5 |
Build order — anubiX
84 acciones detectadas en el replay
| 16:19 | Construir | Stable |
| 16:20 | Construir | Stable |
| 16:22 | Construir | Stable |
| 16:24 | Construir | Stable |
| 16:24 | Construir | Stable |
| 16:25 | Construir | Stable |
| 16:26 | Construir | Stable |
| 16:26 | Construir | Stable |
| 16:26 | Construir | Stable |
| 16:27 | Construir | Stable |
| 16:27 | Construir | Stable |
| 16:28 | Construir | Stable |
| 16:36 | Construir | Archery Range |
| 16:37 | Construir | Archery Range |
| 16:37 | Construir | Archery Range |
| 16:37 | Construir | Archery Range |
| 16:38 | Construir | Archery Range |
| 16:38 | Construir | Archery Range |
| 16:38 | Construir | Archery Range |
| 16:39 | Construir | Archery Range |
| 16:39 | Construir | Archery Range |
| 16:39 | Construir | Archery Range |
| 16:40 | Construir | Archery Range |
| 17:58 | Investigar | Bloodlines |
| 19:23 | Construir | Stable |
| 22:17 | Construir | Stable |
| 22:18 | Construir | Stable |
| 22:19 | Construir | Stable |
| 22:21 | Construir | Stable |
| 23:44 | Investigar | Husbandry |
| 23:47 | Investigar | Chain Barding Armor |
| 23:47 | Investigar | Iron Casting |
| 23:48 | Investigar | Bodkin Arrow |
| 23:50 | Investigar | Leather Archer Armor |
| 23:50 | Investigar | Chain Mail Armor |
| 23:54 | Investigar | Ballistics |
| 24:00 | Investigar | Thumb Ring |
| 24:02 | Investigar | Elite Skirmisher (upgrade) |
| 24:09 | Construir | Stable |
| 24:11 | Construir | Stable |
| 24:13 | Construir | Stable |
| 24:17 | Construir | Archery Range |
| 24:17 | Construir | Archery Range |
| 24:18 | Construir | Archery Range |
| 24:18 | Construir | Archery Range |
| 24:18 | Construir | Archery Range |
| 24:19 | Construir | Archery Range |
| 24:19 | Construir | Archery Range |
| 24:28 | Crear | Cavalry Archer ×5 |
| 24:28 | Crear | Cavalry Archer ×5 |
| 24:29 | Crear | Cavalry Archer ×5 |
| 24:29 | Crear | Cavalry Archer ×5 |
| 24:29 | Crear | Cavalry Archer ×5 |
| 24:29 | Crear | Cavalry Archer ×5 |
| 24:30 | Crear | Cavalry Archer ×5 |
| 24:30 | Crear | Cavalry Archer ×5 |
| 24:30 | Crear | Cavalry Archer ×5 |
| 24:31 | Crear | Cavalry Archer ×5 |
| 24:31 | Crear | Cavalry Archer ×5 |
| 24:31 | Crear | Cavalry Archer ×5 |
| 24:32 | Crear | Cavalry Archer ×5 |
| 24:32 | Crear | Cavalry Archer ×5 |
| 24:32 | Crear | Cavalry Archer ×5 |
| 24:37 | Crear | Knight ×5 |
| 24:38 | Crear | Knight ×5 |
| 24:38 | Crear | Knight ×5 |
| 24:38 | Crear | Knight ×5 |
| 24:39 | Crear | Knight ×5 |
| 24:39 | Crear | Knight ×5 |
| 24:40 | Crear | Knight ×5 |
| 24:40 | Crear | Knight ×5 |
| 24:40 | Crear | Knight ×5 |
| 24:41 | Crear | Knight ×5 |
| 24:41 | Crear | Knight ×5 |
| 24:41 | Crear | Knight ×5 |
| 24:42 | Crear | Knight ×5 |
| 24:42 | Crear | Knight ×5 |
| 24:42 | Crear | Knight ×5 |
| 24:43 | Crear | Knight ×5 |
| 24:43 | Crear | Knight ×5 |
| 24:43 | Crear | Knight ×5 |
| 24:44 | Crear | Knight ×5 |
| 24:44 | Crear | Knight ×5 |
| 24:44 | Crear | Knight ×5 |
Build order — hockeyguy
134 acciones detectadas en el replay
| 9:09 | Construir | Stable |
| 9:10 | Construir | Stable |
| 9:12 | Construir | Stable |
| 9:14 | Construir | Stable |
| 9:23 | Construir | Stable |
| 9:26 | Construir | Stable |
| 9:27 | Construir | Stable |
| 10:11 | Investigar | Chain Mail Armor |
| 10:11 | Investigar | Iron Casting |
| 10:12 | Investigar | Chain Barding Armor |
| 10:13 | Investigar | Bodkin Arrow |
| 10:14 | Investigar | Leather Archer Armor |
| 10:16 | Investigar | Treadmill Crane |
| 10:17 | Investigar | Ballistics |
| 10:18 | Investigar | Guard Tower (upgrade) |
| 10:21 | Investigar | Stronghold |
| 10:25 | Construir | Stable |
| 10:26 | Construir | Stable |
| 10:28 | Construir | Stable |
| 10:30 | Construir | Stable |
| 10:33 | Construir | Stable |
| 10:35 | Construir | Stable |
| 10:44 | Construir | Barracks |
| 10:50 | Construir | Stable |
| 10:52 | Construir | Stable |
| 10:56 | Construir | Stable |
| 11:02 | Construir | Stable |
| 11:04 | Construir | Stable |
| 12:53 | Investigar | Arson |
| 12:54 | Investigar | Gambesons |
| 14:32 | Investigar | Husbandry |
| 14:32 | Investigar | Husbandry |
| 14:34 | Crear | Knight ×5 |
| 14:34 | Crear | Knight ×5 |
| 14:35 | Crear | Knight ×5 |
| 14:35 | Crear | Knight ×5 |
| 14:42 | Crear | Knight ×5 |
| 14:43 | Crear | Knight ×5 |
| 14:43 | Crear | Knight ×5 |
| 14:44 | Crear | Knight ×5 |
| 16:22 | Crear | Knight ×5 |
| 16:23 | Crear | Knight ×5 |
| 16:24 | Crear | Knight ×5 |
| 16:24 | Crear | Knight ×5 |
| 16:24 | Crear | Knight ×5 |
| 16:25 | Crear | Knight ×5 |
| 16:25 | Crear | Knight ×5 |
| 16:26 | Crear | Knight ×5 |
| 16:26 | Crear | Knight ×5 |
| 16:27 | Crear | Knight ×5 |
| 16:27 | Crear | Knight ×5 |
| 16:28 | Crear | Knight ×5 |
| 16:28 | Crear | Knight ×5 |
| 16:29 | Crear | Knight ×5 |
| 16:29 | Crear | Knight ×5 |
| 16:29 | Crear | Knight ×5 |
| 16:46 | Construir | Stable |
| 16:48 | Construir | Stable |
| 16:52 | Construir | Stable |
| 17:19 | Investigar | Spies/Treason |
| 17:20 | Investigar | Conscription |
| 17:21 | Investigar | Furor Celtica |
| 17:22 | Investigar | Elite Woad Raider (upgrade) |
| 17:22 | Investigar | Sappers |
| 17:30 | Construir | Stable |
| 17:32 | Construir | Stable |
| 17:40 | Construir | Stable |
| 17:53 | Crear | Knight ×5 |
| 17:53 | Crear | Knight ×5 |
| 17:53 | Crear | Knight ×5 |
| 17:53 | Crear | Knight ×5 |
| 17:53 | Crear | Knight ×5 |
| 17:54 | Crear | Knight ×5 |
| 17:54 | Crear | Knight ×5 |
| 17:54 | Crear | Knight ×5 |
| 17:54 | Crear | Knight ×5 |
| 17:57 | Investigar | Blast Furnace |
| 17:58 | Investigar | Plate Mail Armor |
| 17:58 | Investigar | Ring Archer Armor |
| 18:04 | Investigar | Chemistry |
| 18:05 | Investigar | Arrowslits |
| 18:05 | Investigar | Keep (upgrade) |
| 18:07 | Investigar | Siege Engineers |
| 18:43 | Investigar | Cavalier (upgrade) |
| 18:44 | Investigar | Cavalier (upgrade) |
| 18:47 | Crear | Knight ×5 |
| 18:48 | Crear | Knight ×5 |
| 18:48 | Crear | Knight ×5 |
| 18:48 | Crear | Knight ×5 |
| 18:48 | Crear | Knight ×5 |
| 18:49 | Crear | Knight ×5 |
| 18:49 | Crear | Knight ×5 |
| 18:49 | Crear | Knight ×5 |
| 18:49 | Crear | Knight ×5 |
| 18:49 | Crear | Knight ×5 |
| 18:50 | Crear | Knight ×5 |
| 18:50 | Crear | Knight ×5 |
| 18:50 | Crear | Knight ×5 |
| 18:50 | Crear | Knight ×5 |
| 18:51 | Crear | Knight ×5 |
| 18:51 | Crear | Knight ×5 |
| 18:51 | Crear | Knight ×5 |
| 19:45 | Investigar | Paladin (upgrade) |
| 19:45 | Investigar | Paladin (upgrade) |
| 20:07 | Crear | Knight ×5 |
| 20:08 | Crear | Knight ×5 |
| 20:08 | Crear | Knight ×5 |
| 20:08 | Crear | Knight ×5 |
| 20:09 | Crear | Knight ×5 |
| 20:09 | Crear | Knight ×5 |
| 20:10 | Crear | Knight ×5 |
| 20:10 | Crear | Knight ×5 |
| 21:15 | Construir | Stable |
| 21:22 | Construir | Stable |
| 21:28 | Construir | Stable |
| 21:32 | Construir | Stable |
| 23:59 | Crear | Knight ×5 |
| 24:00 | Crear | Knight ×5 |
| 24:00 | Crear | Knight ×5 |
| 24:00 | Crear | Knight ×5 |
| 24:00 | Crear | Knight ×5 |
| 24:00 | Crear | Knight ×5 |
| 24:01 | Crear | Knight ×5 |
| 24:01 | Crear | Knight ×5 |
| 24:01 | Crear | Knight ×5 |
| 24:01 | Crear | Knight ×5 |
| 24:01 | Crear | Knight ×5 |
| 24:01 | Crear | Knight ×5 |
| 24:02 | Crear | Knight ×5 |
| 24:02 | Crear | Knight ×5 |
| 24:02 | Crear | Knight ×5 |
| 24:02 | Crear | Knight ×5 |
| 24:03 | Crear | Knight ×5 |
| 24:03 | Crear | Knight ×5 |
Build order — OttTheConqueror
121 acciones detectadas en el replay
| 9:29 | Construir | Archery Range |
| 9:31 | Construir | Archery Range |
| 9:37 | Construir | Stable |
| 11:15 | Construir | Archery Range |
| 12:37 | Construir | Barracks |
| 12:43 | Construir | Barracks |
| 12:46 | Construir | Barracks |
| 13:26 | Investigar | Bodkin Arrow |
| 13:26 | Investigar | Leather Archer Armor |
| 13:30 | Investigar | Chain Mail Armor |
| 13:33 | Investigar | Iron Casting |
| 13:33 | Investigar | Chain Barding Armor |
| 13:38 | Investigar | Crossbowman (upgrade) |
| 13:42 | Investigar | Ballistics |
| 13:43 | Investigar | Guard Tower (upgrade) |
| 13:45 | Investigar | Careening |
| 13:46 | Investigar | Tech 908 |
| 13:48 | Investigar | Tech 909 |
| 13:52 | Investigar | Long Swordsman (upgrade) |
| 13:57 | Construir | Barracks |
| 13:59 | Construir | Barracks |
| 15:23 | Construir | Barracks |
| 15:25 | Construir | Barracks |
| 15:29 | Construir | Barracks |
| 15:31 | Construir | Barracks |
| 15:36 | Investigar | Two-Handed Swordsman (upgrade) |
| 16:54 | Investigar | Champion (upgrade) |
| 16:56 | Crear | Militia ×5 |
| 16:56 | Crear | Militia ×5 |
| 16:56 | Crear | Militia ×5 |
| 16:56 | Crear | Militia ×5 |
| 16:56 | Crear | Militia ×5 |
| 16:56 | Crear | Militia ×5 |
| 16:56 | Crear | Militia ×5 |
| 16:56 | Crear | Militia ×5 |
| 16:56 | Crear | Militia ×5 |
| 16:56 | Crear | Militia ×5 |
| 16:56 | Crear | Militia ×5 |
| 16:56 | Crear | Militia ×5 |
| 16:57 | Crear | Militia ×5 |
| 16:57 | Crear | Militia ×5 |
| 16:57 | Crear | Militia ×5 |
| 17:22 | Investigar | Cilician Fleet |
| 18:55 | Investigar | Squires |
| 18:57 | Investigar | Gambesons |
| 18:59 | Investigar | Arson |
| 19:09 | Crear | Militia ×5 |
| 19:09 | Crear | Militia ×5 |
| 19:09 | Crear | Militia ×5 |
| 19:09 | Crear | Militia ×5 |
| 19:09 | Crear | Militia ×5 |
| 19:09 | Crear | Militia ×5 |
| 19:10 | Crear | Militia ×5 |
| 19:10 | Crear | Militia ×5 |
| 19:10 | Crear | Militia ×5 |
| 19:10 | Crear | Militia ×5 |
| 19:10 | Crear | Militia ×5 |
| 19:10 | Crear | Militia ×5 |
| 19:10 | Crear | Militia ×5 |
| 19:10 | Crear | Militia ×5 |
| 19:11 | Crear | Militia ×5 |
| 19:11 | Crear | Militia ×5 |
| 19:18 | Construir | Barracks |
| 20:23 | Crear | Militia |
| 20:24 | Crear | Militia |
| 20:24 | Crear | Militia |
| 20:25 | Crear | Militia |
| 21:21 | Investigar | Spies/Treason |
| 21:22 | Investigar | Fereters |
| 21:25 | Investigar | Conscription |
| 21:26 | Investigar | Elite Composite Bowman (upgrade) |
| 21:30 | Investigar | Bracer |
| 21:30 | Investigar | Ring Archer Armor |
| 21:31 | Investigar | Plate Mail Armor |
| 21:32 | Investigar | Blast Furnace |
| 21:35 | Investigar | Chemistry |
| 21:41 | Crear | Militia ×5 |
| 21:41 | Crear | Militia ×5 |
| 21:41 | Crear | Militia ×5 |
| 21:41 | Crear | Militia ×5 |
| 21:42 | Crear | Militia ×5 |
| 21:42 | Crear | Militia ×5 |
| 21:42 | Crear | Militia ×5 |
| 21:42 | Crear | Militia ×5 |
| 21:42 | Crear | Militia ×5 |
| 22:56 | Investigar | Arbalester (upgrade) |
| 22:57 | Crear | Archer ×5 |
| 22:57 | Crear | Archer ×5 |
| 22:57 | Crear | Archer ×5 |
| 22:57 | Crear | Archer ×5 |
| 22:57 | Crear | Archer ×5 |
| 22:57 | Crear | Archer ×5 |
| 22:58 | Crear | Archer ×5 |
| 22:58 | Crear | Archer ×5 |
| 22:58 | Crear | Archer ×4 |
| 22:58 | Crear | Archer ×4 |
| 22:58 | Crear | Archer ×4 |
| 22:58 | Crear | Archer ×4 |
| 23:13 | Investigar | Bloodlines |
| 23:14 | Investigar | Husbandry |
| 23:15 | Investigar | Cavalier (upgrade) |
| 23:20 | Crear | Militia ×5 |
| 23:20 | Crear | Militia ×5 |
| 23:20 | Crear | Militia ×5 |
| 23:20 | Crear | Militia ×5 |
| 23:20 | Crear | Militia ×5 |
| 23:20 | Crear | Militia ×5 |
| 23:21 | Crear | Militia ×5 |
| 23:21 | Crear | Militia ×5 |
| 23:21 | Crear | Militia ×5 |
| 23:21 | Crear | Militia ×5 |
| 23:21 | Crear | Militia ×5 |
| 23:21 | Crear | Militia ×5 |
| 23:21 | Crear | Militia ×5 |
| 23:21 | Crear | Militia ×5 |
| 23:21 | Crear | Militia ×5 |
| 23:22 | Crear | Militia ×5 |
| 23:22 | Crear | Militia ×5 |
| 23:22 | Crear | Militia ×5 |
| 23:22 | Crear | Militia ×5 |
| 23:22 | Crear | Militia ×5 |
Build order — AfflictedGod
11 acciones detectadas en el replay
| 15:23 | Investigar | Iron Casting |
| 15:24 | Investigar | Chain Mail Armor |
| 15:24 | Investigar | Chain Barding Armor |
| 15:24 | Investigar | Bodkin Arrow |
| 15:24 | Investigar | Leather Archer Armor |
| 15:27 | Investigar | Ballistics |
| 15:27 | Investigar | Careening |
| 15:27 | Investigar | Tech 908 |
| 15:28 | Investigar | Tech 909 |
| 16:23 | Investigar | Chain Barding Armor |
| 16:23 | Investigar | Chain Barding Armor |
Build order — Atrax
Primeras 150 de 156 acciones detectadas
| 10:58 | Construir | Stable |
| 11:07 | Construir | Stable |
| 11:12 | Construir | Stable |
| 12:40 | Investigar | Bloodlines |
| 12:53 | Construir | Stable |
| 13:06 | Crear | Battle Elephant ×5 |
| 13:06 | Crear | Battle Elephant ×5 |
| 13:07 | Crear | Battle Elephant ×5 |
| 13:44 | Investigar | Bodkin Arrow |
| 13:47 | Investigar | Chain Mail Armor |
| 13:48 | Investigar | Chain Barding Armor |
| 13:49 | Investigar | Leather Archer Armor |
| 13:53 | Investigar | Ballistics |
| 13:54 | Investigar | Treadmill Crane |
| 13:56 | Investigar | Guard Tower (upgrade) |
| 14:09 | Crear | Battle Elephant ×5 |
| 14:10 | Crear | Battle Elephant ×5 |
| 14:10 | Crear | Battle Elephant ×5 |
| 14:11 | Crear | Battle Elephant ×5 |
| 14:11 | Crear | Battle Elephant ×5 |
| 14:11 | Crear | Battle Elephant ×5 |
| 14:12 | Crear | Battle Elephant ×5 |
| 14:12 | Crear | Battle Elephant ×5 |
| 14:12 | Crear | Battle Elephant ×5 |
| 14:13 | Crear | Battle Elephant ×5 |
| 14:13 | Crear | Battle Elephant ×2 |
| 14:14 | Investigar | Husbandry |
| 14:25 | Construir | Stable |
| 14:29 | Construir | Stable |
| 14:35 | Construir | Archery Range |
| 14:52 | Investigar | Husbandry |
| 14:59 | Crear | Battle Elephant ×5 |
| 15:00 | Crear | Battle Elephant ×5 |
| 15:00 | Crear | Battle Elephant ×2 |
| 15:23 | Crear | Battle Elephant ×4 |
| 15:23 | Crear | Battle Elephant ×5 |
| 15:24 | Crear | Battle Elephant ×5 |
| 15:24 | Crear | Battle Elephant ×5 |
| 15:24 | Crear | Battle Elephant ×5 |
| 15:53 | Crear | Elephant Archer ×5 |
| 15:54 | Crear | Elephant Archer ×5 |
| 15:54 | Crear | Elephant Archer ×5 |
| 15:54 | Crear | Elephant Archer ×5 |
| 16:00 | Construir | Archery Range |
| 16:07 | Construir | Archery Range |
| 16:09 | Construir | Archery Range |
| 16:45 | Crear | Battle Elephant ×5 |
| 16:46 | Crear | Battle Elephant ×5 |
| 16:46 | Crear | Battle Elephant ×5 |
| 16:46 | Crear | Battle Elephant ×5 |
| 16:47 | Crear | Battle Elephant ×5 |
| 16:47 | Crear | Battle Elephant ×5 |
| 16:51 | Crear | Elephant Archer |
| 16:52 | Crear | Elephant Archer |
| 17:24 | Crear | Elephant Archer ×5 |
| 17:24 | Crear | Elephant Archer ×5 |
| 17:24 | Crear | Elephant Archer ×5 |
| 17:25 | Crear | Elephant Archer ×5 |
| 17:25 | Crear | Elephant Archer ×5 |
| 17:26 | Crear | Elephant Archer ×5 |
| 17:26 | Crear | Elephant Archer ×5 |
| 17:26 | Crear | Elephant Archer |
| 17:44 | Crear | Battle Elephant ×5 |
| 17:45 | Crear | Battle Elephant ×5 |
| 17:45 | Crear | Battle Elephant ×5 |
| 17:46 | Crear | Battle Elephant ×3 |
| 17:46 | Crear | Battle Elephant ×3 |
| 17:47 | Crear | Battle Elephant ×3 |
| 17:48 | Crear | Battle Elephant |
| 17:48 | Crear | Battle Elephant |
| 18:08 | Construir | Stable |
| 18:09 | Construir | Stable |
| 18:13 | Construir | Archery Range |
| 18:54 | Crear | Elephant Archer ×5 |
| 18:54 | Crear | Elephant Archer ×5 |
| 18:54 | Crear | Elephant Archer ×5 |
| 18:55 | Crear | Elephant Archer ×5 |
| 18:55 | Crear | Elephant Archer ×5 |
| 18:55 | Crear | Elephant Archer ×2 |
| 18:59 | Crear | Battle Elephant ×5 |
| 18:59 | Crear | Battle Elephant ×5 |
| 19:00 | Crear | Battle Elephant ×5 |
| 19:00 | Crear | Battle Elephant ×5 |
| 19:19 | Construir | Stone Wall |
| 19:34 | Investigar | Husbandry |
| 20:23 | Crear | Battle Elephant ×5 |
| 20:23 | Crear | Battle Elephant ×5 |
| 20:24 | Crear | Battle Elephant ×5 |
| 20:24 | Crear | Battle Elephant ×5 |
| 20:24 | Crear | Battle Elephant ×5 |
| 21:03 | Construir | Stable |
| 21:07 | Construir | Stable |
| 21:10 | Construir | Stable |
| 21:21 | Crear | Elephant Archer ×5 |
| 21:21 | Crear | Elephant Archer ×5 |
| 21:22 | Crear | Elephant Archer ×5 |
| 21:22 | Crear | Elephant Archer ×5 |
| 21:23 | Crear | Elephant Archer ×5 |
| 21:23 | Crear | Elephant Archer ×5 |
| 21:23 | Crear | Elephant Archer ×5 |
| 21:24 | Crear | Elephant Archer ×4 |
| 21:30 | Investigar | Spies/Treason |
| 21:31 | Investigar | Conscription |
| 21:32 | Investigar | Elite Ratha (upgrade) |
| 21:33 | Investigar | Mahayana |
| 21:37 | Investigar | Elite Battle Elephant (upgrade) |
| 21:43 | Investigar | Elite Elephant Archer (upgrade) |
| 21:46 | Investigar | Bracer |
| 21:47 | Investigar | Blast Furnace |
| 21:47 | Investigar | Plate Barding Armor |
| 21:49 | Investigar | Ring Archer Armor |
| 21:53 | Investigar | Siege Engineers |
| 21:54 | Investigar | Keep (upgrade) |
| 21:55 | Investigar | Arrowslits |
| 22:30 | Construir | Stone Wall |
| 22:40 | Crear | Battle Elephant ×5 |
| 22:40 | Crear | Battle Elephant ×5 |
| 22:40 | Crear | Battle Elephant ×5 |
| 22:41 | Crear | Battle Elephant ×5 |
| 22:41 | Crear | Battle Elephant ×5 |
| 22:41 | Crear | Battle Elephant ×5 |
| 22:59 | Crear | Battle Elephant ×5 |
| 23:00 | Crear | Battle Elephant ×5 |
| 23:00 | Crear | Battle Elephant ×5 |
| 23:00 | Crear | Battle Elephant ×5 |
| 23:01 | Crear | Battle Elephant ×5 |
| 23:01 | Crear | Battle Elephant ×5 |
| 23:02 | Crear | Battle Elephant ×5 |
| 23:02 | Crear | Battle Elephant ×5 |
| 23:07 | Investigar | Elite Elephant Archer (upgrade) |
| 23:37 | Crear | Battle Elephant ×5 |
| 23:37 | Crear | Battle Elephant ×5 |
| 23:37 | Crear | Battle Elephant ×5 |
| 23:38 | Crear | Battle Elephant ×5 |
| 23:38 | Crear | Battle Elephant ×5 |
| 23:38 | Crear | Battle Elephant ×5 |
| 23:39 | Crear | Battle Elephant ×5 |
| 23:39 | Crear | Battle Elephant ×5 |
| 23:40 | Crear | Battle Elephant ×5 |
| 23:40 | Crear | Battle Elephant ×5 |
| 23:40 | Crear | Battle Elephant ×3 |
| 23:49 | Crear | Elephant Archer ×5 |
| 23:49 | Crear | Elephant Archer ×5 |
| 23:49 | Crear | Elephant Archer ×5 |
| 23:50 | Crear | Elephant Archer ×5 |
| 23:52 | Crear | Battle Elephant ×5 |
| 23:53 | Crear | Battle Elephant ×5 |
| 23:53 | Crear | Battle Elephant ×5 |
| 23:54 | Crear | Battle Elephant ×5 |
| 23:54 | Crear | Battle Elephant ×5 |
Build order — ARES
11 acciones detectadas en el replay
| 19:15 | Investigar | Chain Barding Armor |
| 19:17 | Investigar | Bodkin Arrow |
| 19:18 | Investigar | Chain Mail Armor |
| 19:21 | Investigar | Treadmill Crane |
| 19:22 | Investigar | Ballistics |
| 19:26 | Investigar | Treadmill Crane |
| 19:27 | Investigar | Guard Tower (upgrade) |
| 23:39 | Investigar | Ballistics |
| 23:40 | Investigar | Ballistics |
| 23:43 | Investigar | Leather Archer Armor |
| 23:44 | Investigar | Leather Archer Armor |
Cronología de la partida
| 6:12 | Are you ready for a war ? · first_building Barracks |
| 6:17 | Are you ready for a war ? · first_building Stable |
| 7:16 | Are you ready for a war ? · wall_segment Palisade Wall x6 |
| 7:24 | Are you ready for a war ? · wall_segment Palisade Wall x4 |
| 7:26 | Are you ready for a war ? · wall_segment Palisade Wall x5 |
| 7:28 | Are you ready for a war ? · wall_segment Palisade Wall x3 |
| 7:30 | Are you ready for a war ? · wall_segment Palisade Wall x6 |
| 7:33 | Are you ready for a war ? · wall_segment Palisade Wall x8 |
| 7:35 | Are you ready for a war ? · wall_segment Palisade Wall x4 |
| 7:37 | Are you ready for a war ? · wall_segment Palisade Wall x7 |
| 7:43 | Are you ready for a war ? · wall_segment Palisade Wall x5 |
| 7:44 | Cokrat · first_building Stable |
| 7:45 | Are you ready for a war ? · wall_segment Palisade Wall x7 |
| 7:46 | Are you ready for a war ? · wall_segment Palisade Wall x4 |
| 7:49 | Are you ready for a war ? · wall_segment Palisade Wall x7 |
| 7:50 | Are you ready for a war ? · wall_segment Palisade Wall x4 |
| 7:52 | Are you ready for a war ? · wall_segment Palisade Wall x4 |
| 7:59 | Are you ready for a war ? · wall_segment Palisade Wall x7 |
| 8:02 | Are you ready for a war ? · wall_segment Palisade Wall x7 |
| 8:03 | Cokrat · first_building Barracks |
| 8:04 | Are you ready for a war ? · wall_segment Palisade Wall x6 |
| 8:34 | Are you ready for a war ? · wall_segment Palisade Wall x10 |
| 8:36 | Are you ready for a war ? · wall_segment Palisade Wall x4 |
| 8:38 | Are you ready for a war ? · wall_segment Palisade Wall x7 |
| 8:40 | Are you ready for a war ? · wall_segment Palisade Wall x3 |
| 8:41 | Are you ready for a war ? · wall_segment Palisade Wall x6 |
| 8:43 | Are you ready for a war ? · wall_segment Palisade Wall x5 |
| 8:45 | Are you ready for a war ? · wall_segment Palisade Wall x6 |
| 8:47 | Are you ready for a war ? · wall_segment Palisade Wall x4 |
| 8:49 | Are you ready for a war ? · wall_segment Palisade Wall x5 |
| 8:50 | Are you ready for a war ? · wall_segment Palisade Wall x3 |
| 8:53 | Are you ready for a war ? · wall_segment Palisade Wall x7 |
| 8:55 | Are you ready for a war ? · wall_segment Palisade Wall x5 |
| 8:57 | Are you ready for a war ? · wall_segment Palisade Wall x8 |
| 8:59 | Are you ready for a war ? · wall_segment Palisade Wall x4 |
| 9:00 | Are you ready for a war ? · wall_segment Palisade Wall x3 |
| 9:02 | Are you ready for a war ? · wall_segment Palisade Wall x3 |
| 9:04 | Are you ready for a war ? · wall_segment Palisade Wall x5 |
| 9:06 | Are you ready for a war ? · wall_segment Palisade Wall x5 |
| 9:08 | Are you ready for a war ? · wall_segment Palisade Wall x4 |
| 9:09 | hockeyguy · first_building Stable |
| 9:09 | Are you ready for a war ? · wall_segment Palisade Wall x5 |
| 9:10 | Are you ready for a war ? · wall_segment Palisade Wall x5 |
| 9:29 | OttTheConqueror · first_building Archery Range |
| 9:37 | OttTheConqueror · first_building Stable |
| 10:11 | Are you ready for a war ? · wall_segment Palisade Wall x1 |
| 10:13 | Are you ready for a war ? · wall_segment Palisade Wall x1 |
| 10:14 | Are you ready for a war ? · wall_segment Palisade Wall x1 |
| 10:15 | Are you ready for a war ? · wall_segment Palisade Wall x1 |
| 10:16 | Are you ready for a war ? · wall_segment Palisade Wall x2 |
| 10:25 | Are you ready for a war ? · wall_segment Palisade Wall x1 |
| 10:26 | Are you ready for a war ? · wall_segment Palisade Wall x1 |
| 10:27 | Are you ready for a war ? · wall_segment Palisade Wall x1 |
| 10:28 | Are you ready for a war ? · wall_segment Palisade Wall x1 |
| 10:29 | Are you ready for a war ? · wall_segment Palisade Wall x1 |
| 10:30 | Are you ready for a war ? · wall_segment Palisade Wall x1 |
| 10:31 | Are you ready for a war ? · wall_segment Palisade Wall x1 |
| 10:32 | Are you ready for a war ? · wall_segment Palisade Wall x1 |
| 10:34 | Are you ready for a war ? · wall_segment Palisade Wall x1 |
| 10:35 | Are you ready for a war ? · wall_segment Palisade Wall x1 |
| 10:39 | Are you ready for a war ? · wall_segment Palisade Wall x23 |
| 10:41 | Are you ready for a war ? · wall_segment Palisade Wall x19 |
| 10:44 | Are you ready for a war ? · wall_segment Palisade Wall x1 |
| 10:44 | hockeyguy · first_building Barracks |
| 10:45 | Are you ready for a war ? · wall_segment Palisade Wall x1 |
| 10:46 | Are you ready for a war ? · wall_segment Palisade Wall x1 |
| 10:47 | Are you ready for a war ? · wall_segment Palisade Wall x1 |
| 10:48 | Are you ready for a war ? · wall_segment Palisade Wall x1 |
| 10:49 | Are you ready for a war ? · wall_segment Palisade Wall x1 |
| 10:50 | Are you ready for a war ? · wall_segment Palisade Wall x1 |
| 10:51 | Are you ready for a war ? · wall_segment Palisade Wall x1 |
| 10:52 | Are you ready for a war ? · wall_segment Palisade Wall x1 |
| 10:53 | Are you ready for a war ? · wall_segment Palisade Wall x1 |
| 10:54 | Are you ready for a war ? · wall_segment Palisade Wall x1 |
| 10:55 | Are you ready for a war ? · wall_segment Palisade Wall x1 |
| 10:56 | Are you ready for a war ? · wall_segment Palisade Wall x1 |
| 10:58 | Are you ready for a war ? · wall_segment Palisade Wall x1 |
| 10:58 | Atrax · first_building Stable |
| 11:39 | Are you ready for a war ? · wall_segment Palisade Wall x4 |
| 11:41 | Are you ready for a war ? · wall_segment Palisade Wall x3 |
| 11:45 | Are you ready for a war ? · wall_segment Palisade Wall x3 |
| 12:37 | OttTheConqueror · first_building Barracks |
| 14:35 | Atrax · first_building Archery Range |
| 16:19 | anubiX · first_building Stable |
| 16:36 | anubiX · first_building Archery Range |
| 18:14 | Are you ready for a war ? · first_building Archery Range |
| 19:19 | Atrax · wall_segment Stone Wall x21 |
| 22:30 | Atrax · wall_segment Stone Wall x2 |
| 24:21 | Atrax · wall_segment Stone Wall x4 |
| 24:47 | OttTheConqueror · resign |
[ ANÁLISIS IA · 1 CRÉDITO ]
¿Qué pasó realmente en esta partida?
Wolo.gg analiza cada decisión: build order, eco, micro, errores típicos por bracket. Análisis personalizado por WhatsApp o Discord en 30 segundos.
Guía civ
Eslavos
Perfil
Cokrat